AoeStats
← Miss_Mulberry

MegaRandom

510371767Analyzed
4v4 RM · 18h ago on Sep 30, 2026· 35m 16s· 8 players
Game mode
Random Map
Map size
Large (8 player)
Population
200
Speed
Normal
Resources
Standard
Victory
Conquest
Starting age
Dark Age
Ending age
Imperial Age
RankedLock teamsTeams togetherTeam positionsShared explorationLock speedFull tech treeHidden civsTurbo modeCheats
Victory
Defeat
🇩🇪 Turks · Germany
1219
+13
🇩🇪 Saxons · Germany
1209
+13
🇬🇧 Khmer · United Kingdom
1164
+15
🇬🇧 Ethiopians · United Kingdom
1157
+15
🇩🇪 Vietnamese · Germany
1220
-18
🇩🇪 Persians · Germany
1157
-15
🇩🇪 Britons · Germany
1103
-12
🇩🇪 Huns · Germany
1080
-11
LeightonDunk11
8:03 Loom
10:30 Feudal Age
11:16 Double-Bit Axe
14:22 Horse Collar
15:22 Fletching
18:36 Padded Archer Armor
19:46 Gold Mining
21:19 Wheelbarrow
24:10 Castle Age
24:15 Crossbowman
24:54 Bodkin Arrow
25:15 Leather Archer Armor
25:41 Thumb Ring
25:54 Bow Saw
26:45 Ballistics
31:05 Forging
30:55 Scale Mail Armor
30:52 Town Watch
iGSOjDaJuiceMan
5:44 Loom
10:52 Feudal Age
14:35 Castle Age
12:22 Horse Collar
12:30 Double-Bit Axe
15:23 Husbandry
23:29 Scale Barding Armor
23:34 Forging
25:07 Chain Barding Armor
25:14 Bow Saw
25:26 Bloodlines
27:03 Iron Casting
30:18 Devotion
31:16 Heavy Plow
34:38 Tusk Swords
34:15 Light Cavalry
Kmoral91[Crassus GER]
11:07 Feudal Age
16:11 Castle Age
17:55 Loom
18:19 Fletching
18:35 Scale Barding Armor
19:04 Forging
19:13 Horse Collar
23:20 Chain Barding Armor
25:33 Bloodlines
31:24 Iron Casting
34:01 Wheelbarrow
33:11 Town Watch
3ScarFac3
9:15 Feudal Age
14:05 Padded Archer Armor
13:59 Fletching
16:01 Double-Bit Axe
17:32 Horse Collar
24:46 Castle Age
23:50 Padded Archer Armor
24:39 Gold Mining
25:57 Bodkin Arrow
25:24 Crossbowman
29:32 Ballistics
30:15 Leather Archer Armor
Lady_Sunflower
6:58 Loom
9:37 Feudal Age
10:23 Double-Bit Axe
14:21 Horse Collar
21:35 Castle Age
19:44 Gold Mining
20:23 Scale Barding Armor
20:29 Forging
20:36 Bloodlines
22:46 Wheelbarrow
23:00 Heavy Plow
26:36 Bow Saw
26:33 Husbandry
27:25 Sanctity
32:57 Hand Cart
33:14 Chain Barding Armor
doneflamingo
6:18 Loom
8:49 Feudal Age
9:27 Double-Bit Axe
9:48 Horse Collar
13:54 Forging
15:00 Scale Barding Armor
16:26 Wheelbarrow
20:12 Castle Age
19:11 Gold Mining
19:57 Bloodlines
21:08 Chain Barding Armor
22:30 Husbandry
24:20 Bow Saw
25:04 Iron Casting
24:45 Town Watch
31:43 Stone Mining
32:54 Hand Cart
Miss_Mulberry
6:18 Loom
9:47 Feudal Age
10:25 Double-Bit Axe
13:02 Wheelbarrow
12:29 Gold Mining
14:31 Fletching
16:42 Town Watch
25:36 Castle Age
26:04 Crossbowman
26:42 Bodkin Arrow
27:52 Crossbowman
27:58 Crossbowman
astig_aoe
7:43 Loom
10:16 Feudal Age
11:13 Double-Bit Axe
15:49 Fletching
16:07 Horse Collar
17:32 Padded Archer Armor
23:18 Castle Age
23:19 Crossbowman
23:55 Bodkin Arrow
29:48 Leather Archer Armor
Connection lost

Rejoining the realm…

Still unreachable

The connection could not be restored.

Session expired

The server has moved on; the page needs a fresh start.